 Dungeon Sprint DCSS version 0.30-a0-870-gc5d4c5acee (webtiles) character file.

Game seed: 15914086485292721893

60991 PLAYERX the Fencer (level 15, -14/134 HPs)
             Began as a Gnoll Monk on Mar 10, 2023.
             Was the Champion of Nemelex Xobeh.
             Demolished by an Orb Guardian (22 damage)
             ... in the Dungeon (Sprint V: "Ziggurat Sprint") on Mar 11, 2023.
             The game lasted 01:08:11 (2655 turns).

PLAYERX the Fencer (Gnoll Monk)                     Turns: 2655, Time: 01:08:12

Health: -14/134    AC: 34    Str: 34    XL:     15   Next: 1%
Magic:  19/35      EV:  6    Int: 10    God:    Nemelex Xobeh [******]
Gold:   0          SH: 32    Dex: 15    Spells: 46/46 levels left

rFire   + . .      SeeInvis .    a - +11 Screaming Sword {sonic wave}
rCold   . . .      Faith    .    j - +18 shield of the Gong {Loud rN+ Will+ rCorr EV-5}
rNeg    + . .      Spirit   .    b - +12 gold dragon scales
rPois   +          Reflect  .    (no helmet)
rElec   .          Rampage  .    (no cloak)
rCorr   +          NoTele   +    (no gloves)
Will    ++...                    E - +0 pair of boots "Zerghowki" {rC- Str+5} Stlth
                                 D - amulet of Vitality {RegenMP++ Regen++}
HPRegen 2.02/turn                p - +6 ring of strength
MPRegen 1.04/turn                q - +6 ring of strength

@: untranslocatable, constricted, studying Long Blades
A: fangs 1, strong nose, distributed training
a: Renounce Religion, Draw Escape, Draw Destruction, Draw Summoning, Triple
Draw, Deal Four, Stack Five


You were in the Dungeon.
You worshipped Nemelex Xobeh.
Nemelex Xobeh was exalted by your worship.
You visited 1 branch

Inventory:

Hand Weapons
 a - the +11 Screaming Sword (weapon) {sonic wave}
   (You found it in the Dungeon)
Armour
 b - +12 gold dragon scales (worn)
 j - the +18 shield of the Gong (worn) {Loud rN+ Will+ rCorr EV-5}
   (You found it in the Dungeon)

   Loud:      It is deafeningly noisy when blocking attacks.
   EV:        It affects your evasion (-5).
   rN:        It protects you from negative energy.
   rCorr:     It protects you from acid and corrosion.
   Will:      It increases your willpower.
 E - the +0 pair of boots "Zerghowki" (worn) {rC- Str+5}
   (You found it in the Dungeon)

   Str:       It affects your strength (+5).
   rC:        It makes you vulnerable to cold.
Jewellery
 k - a ring of flight
 p - a +6 ring of strength (left hand)
 q - a +6 ring of strength (right hand)
 B - the macabre finger necklace {Finger+ rN+}
   (You found it in the Dungeon)

   [amulet of nothing]

   Finger+:   It enables you to equip an extra ring.
   rN:        It protects you from negative energy.
 D - the amulet of Vitality (around neck) {RegenMP++ Regen++}
   (You found it in the Dungeon)

   [amulet of magic regeneration]

   It increases your rate of magic regeneration.
   Regen:     It increases your rate of health regeneration.
Wands
 l - a wand of mindburst (7)
 m - a wand of iceblast (5)
 n - a wand of light (7)
Scrolls
 h - 4 scrolls of blinking
 w - 7 scrolls of fog
 x - 5 scrolls of identify
 y - 2 scrolls of fear
Potions
 c - 9 potions of curing
 d - 4 potions of heal wounds
 e - 6 potions of haste
 f - 7 potions of magic
 g - 2 potions of berserk rage
 i - a potion of ambrosia
 o - 2 potions of brilliance
 r - 2 potions of invisibility
 s - 4 potions of resistance
 u - 5 potions of might
Miscellaneous
 t - a phantom mirror
 v - a lightning rod (4/4)
 z - a tin of tremorstones (2/2)
 A - a condenser vane
 C - a phial of floods


   Skills:
 + Level 17.4 Fighting
 + Level 16.3 Short Blades
 + Level 19.0 Long Blades
 + Level 16.3 Axes
 + Level 16.3 Maces & Flails
 + Level 16.3 Polearms
 + Level 16.3 Staves
 + Level 16.3 Ranged Weapons
 + Level 16.3 Throwing
 + Level 16.3 Armour
 + Level 17.4 Dodging
 + Level 16.8 Stealth
 + Level 16.3 Shields
 + Level 17.4 Unarmed Combat
 + Level 16.3 Spellcasting
 + Level 13.9 Conjurations
 + Level 13.9 Hexes
 + Level 13.9 Summonings
 + Level 13.9 Necromancy
 + Level 13.9 Translocations
 + Level 13.9 Transmutations
 + Level 13.9 Fire Magic
 + Level 13.9 Ice Magic
 + Level 13.9 Air Magic
 + Level 13.9 Earth Magic
 + Level 13.9 Poison Magic
 + Level 17.7 Invocations
 + Level 16.3 Evocations


You had 46 spell levels left.
You didn't know any spells.
Your spell library contained the following spells:

 Spells                   Type           Power      Damage    Failure   Level
 Slow                     Hex            100%       N/A       1%          1
 Ensorcelled Hibernation  Hex/Ice        72%        N/A       1%          2
 Lesser Beckoning         Tloc           72%        N/A       1%          2
 Passwall                 Tmut/Erth      30%        N/A       1%          2
 Sublimation of Blood     Necr           36%        N/A       1%          2
 Call Canine Familiar     Summ           36%        N/A       1%          3
 Dazzling Flash           Conj/Hex       72%        N/A       1%          3
 Gell's Gravitas          Tloc           36%        N/A       1%          3
 Inner Flame              Hex/Fire       36%        N/A       1%          3
 Kindle Blastsparks       Fire/Tloc/Air  72%        2d16      1%          3
 Ozocubu's Armour         Ice            36%        N/A       1%          3
 Spider Form              Tmut/Pois      36%        N/A       1%          3
 Stone Arrow              Conj/Erth      72%        3d11      1%          3
 Swiftness                Air            36%        N/A       1%          3
 Teleport Other           Tloc           36%        N/A       1%          3
 Vhi's Electric Charge    Tloc/Air       72%        N/A       1%          3
 Animate Armour           Summ/Erth      72%        N/A       4%          4
 Cause Fear               Hex            18%        N/A       4%          4
 Iskenderun's Mystic Bla  Conj/Tloc      36%        2d9       4%          4
 Manifold Assault         Tloc           36%        N/A       4%          4
 Olgreb's Toxic Radiance  Pois           36%        N/A       4%          4
 Passage of Golubria      Tloc           36%        N/A       4%          4
 Petrify                  Tmut/Erth      36%        N/A       4%          4
 Sticky Flame             Conj/Fire      36%        2d6       4%          4
 Summon Lightning Spire   Summ/Air       36%        N/A       4%          4
 Alistair's Intoxication  Tmut/Pois      24%        N/A       12%         5
 Arcjolt                  Conj/Air       18%        1d28      12%         5
 Metabolic Englaciation   Hex/Ice        18%        N/A       12%         5
 Silence                  Hex/Air        18%        N/A       12%         5
 Summon Forest            Summ/Tloc      18%        N/A       12%         5
 Summon Mana Viper        Hex/Summ       36%        N/A       12%         5
 Dispersal                Tloc           18%        N/A       54%         6
 Eringya's Noxious Bog    Tmut/Pois      18%        N/A       54%         6
 Simulacrum               Ice/Necr       18%        N/A       54%         6
 Starburst                Conj/Fire      18%        6d7       54%         6
 Dragon Form              Tmut           18%        N/A       98%         7
 Haunt                    Necr/Summ      18%        N/A       98%         7
 Malign Gateway           Summ/Tloc      18%        N/A       98%         7
 Ozocubu's Refrigeration  Ice            18%        4d11      98%         7
 Discord                  Hex            18%        N/A       100%        8
 Disjunction              Tloc           18%        N/A       100%        8
 Ignition                 Fire           18%        3d7       100%        8
 Lehudib's Crystal Spear  Conj/Erth      18%        10d5      100%        8
 Maxwell's Capacitive Co  Air            18%        ∞         100%        8
 Chain Lightning          Conj/Air       18%        3d24      100%        9
 Dragon's Call            Summ           18%        N/A       100%        9
 Fire Storm               Conj/Fire      18%        8d5       100%        9
 Shatter                  Erth           18%        3d17*     100%        9


Dungeon Overview and Level Annotations

Branches:
Dungeon (1/1)

Altars:
Ashenzari
Cheibriados
Dithmenos
Elyvilon
Fedhas
Gozag
Hepliaklqana
Kikubaaqudgha
Makhleb
Nemelex Xobeh
Okawaru
Qazlal
Ru
Sif Muna
Trog
Uskayaw
Vehumet
Wu Jian
Xom
Yredelemnul
Zin
The Shining One
Jiyva
Lugonu


Innate Abilities, Weirdness & Mutations

You have very sharp teeth.
Your uncanny sense of smell can sniff out nearby items.
Your experience applies equally to all skills.


Message History

The bolt of negative energy misses you.
The purple draconian shifter is engulfed in blazing flames. x2
The black draconian is engulfed in blazing flames.
The yellow draconian is engulfed in blazing flames.
You kill the yellow draconian!
The red draconian is engulfed in blazing flames.
You block the Orb Guardian's attack.
BOUMMMMG!
The black draconian hits you with a +0 flail!!
* * * LOW HITPOINT WARNING * * *
The white draconian is engulfed in blazing flames.
The white draconian hits you but does no damage.
Your Long Blades skill increases to level 19!
You have reached level 15!
Your experience leads to an increase in your attributes!
Your base attributes are Str 15, Int 10, Dex 15.
Increase (S)trength, (I)ntelligence, or (D)exterity?
You feel stronger. x2
You feel much better.
You are engulfed in blazing flames.
You resist.
* * * LOW HITPOINT WARNING * * *
You block the Orb Guardian's attack.
GONNNNG!
You block the black draconian's attack.
GONNNNG!
The white draconian is engulfed in blazing flames.
The white draconian hits you with a +0 mace!
* * * LOW HITPOINT WARNING * * *
The tentacled monstrosity is engulfed in blazing flames.
You block the tentacled monstrosity's attack.
SHROANNG!
The tentacled monstrosity tentacle-slaps you but does no damage.
The tentacled monstrosity tentacle-slaps you.
* * * LOW HITPOINT WARNING * * *
The tentacled monstrosity constricts you.
* * * LOW HITPOINT WARNING * * *
The purple draconian shifter is engulfed in blazing flames.
The purple draconian shifter casts a spell.
The purple draconian shifter blinks!
The Orb Guardian hits you!!
You die...
Your body glows with a rainbow of weird colours and disappears.

∆∆∆∆∆ ▓..)=).}. ∆∆∆∆∆
..").::|)[)|[..▓.......)
§§§§§§)§§§§[§..▓.....=..
§§§§§§§§§§§§§..▓.....)))
..§§§§§§☼§§§§..▓....)(.)
....§§ddd°§§§..▓.....).)
.....§§§qz.....▓.......(
......dDX......▓........
.....XX@dX.....▓........
..............q▓........
...▓.......▓...▓......©.
. ▓▓.....▓▓ .▓▓▓▓▓▓▓▓▓
...▓.......▓...▓.....8©8
...............▓.)[|)[).
.......©.......▓..).|})}
▓▓▓▓▓▓▓▓▓▓▓▓▓▓▓▓.)....(.
▓..)))...


You could see a shadow dragon, a tentacled monstrosity, 2 draconians, a purple
draconian, a red draconian, a white draconian (berserk), a curse toe, 2
draconians and 3 Orb Guardians.

Vanquished Creatures
  A tentacled monstrosity (D)
  3 Orb Guardians (D)
  2 liches (D)
  A shadow dragon (D)
  A nagaraja (D)
  2 fire giants (D)
  A ghost moth (D)
  3 stone giants (D)
  2 green draconians (D)
  A vampire knight (D)
  A black draconian (D)
  2 white draconians (D)
  A purple draconian (D)
  4 red draconians (D)
  5 yellow draconians (D)
  A blizzard demon (D)
  2 fire dragons (D)
  An ettin (D)
  A yaktaur captain (D)
  7 vault guards (D)
  3 ice dragons (D)
  3 spriggan air magi (D)
  An anaconda (D)
  A naga warrior (D)
  6 hell hogs (D)
  A vampire mage (D)
  A boulder beetle (D)
  3 soul eaters (D)
  An orc knight (D)
  6 necromancers (D)
  A cyclops (D)
  3 moths of wrath (D)
  A large abomination (D)
  3 elephants (D)
  2 black mambas (D)
  A demonic crawler (D)
  A cane toad (D)
  A guardian serpent (D)
  4 rime drakes (D)
  2 efreet (D)
  A freezing wraith (D)
  4 yaktaurs (D)
  A polar bear (D)
  A vampire (D)
  3 shadows (D)
  2 fire elementals (D)
  A warg (D)
  A naga (D)
  A water moccasin (D)
  A hell hound (D)
  2 ice beasts (D)
  12 orc warriors (D)
  3 ogres (D)
  A wolf (D)
  3 necrophages (D)
  7 wights (D)
  A killer bee (D)
  A crimson imp (D)
  A quasit (D)
  A hound (D)
  6 orc wizards (D)
  3 adders (D)
  3 river rats (D)
  A shadow imp (D)
  4 white imps (D)
  2 ufetubi (D)
  An adder zombie (D)
  3 orcs (D)
  2 bat skeletons (D)
  3 bat zombies (D)
  5 jackals (D)
  2 ball pythons (D)
  A ball python simulacrum (D)
  4 ball python skeletons (D)
  A quokka zombie (D)
  A spectral giant cockroach (D)
  A spectral quokka (D)
  7 fire vortices (D)
185 creatures vanquished.

Vanquished Creatures (collateral kills)
  A green draconian (D)
  A yellow draconian (D)
  A white draconian (D)
  A vault guard (D)
  A black mamba (D)
  A fire elemental (D)
  A yak (D)
  A wolf (D)
  A phantom (D)
  An orc priest (D)
  An orc wizard (D)
  An adder (D)
  A river rat (D)
  A quokka zombie (D)
14 creatures vanquished.

Vanquished Creatures (others)
  A ghost moth (D)
  A vault guard (D)
2 creatures vanquished.

Grand Total: 201 creatures vanquished

Notes
Turn   | Place    | Note
-------+----------+-------------------------------------------
     0 | D        | PLAYERX the Gnoll Monk began the quest for the Orb.
     0 | D        | Reached XP level 1. HP: 23/23 MP: 1/1
    12 | D        | Found a blossoming altar of Fedhas.
    12 | D        | Found the +6 Majin-Bo {spellvamp, MP+6 Int+6}
    12 | D        | Found the +27 heavy crossbow "Sniper" {heavy, Acc+∞ SInv}
    12 | D        | Found the +10 dark maul {heavy}
    12 | D        | Found the +15 Maxwell's patent armour {-Cast -Tele rElec
                  | Will+ rCorr}
    12 | D        | Found the +18 shield of the Gong {Loud rN+ Will+ rCorr
                  | EV-5}
    12 | D        | Found the +16 obsidian axe {drain, demonic, Mesm Drain Fly
                  | SInv}
    12 | D        | Found the +7 great mace "Firestarter" {flame, inner flame,
                  | rFlCloud rF++}
    12 | D        | Found the +6 shillelagh "Devastator" {shatter}
    12 | D        | Found the +11 plutonium sword {Contam Stlth-}
    12 | D        | Found the +8 lance "Wyrmbane" {slay drac, rPois rF+ rC+
                  | AC+3}
    12 | D        | Found the +9 sword of Zonguldrok {reap}
    12 | D        | Found the +13 scythe of Curses {drain, curses, Drain}
    12 | D        | Found the +9 sword of Power {lifebolt}
    12 | D        | Found the +7 mace of Variability {chaos, chain chaos}
    12 | D        | Found the +11 Singing Sword {sonic wave}
    12 | D        | Found the +8 storm bow {elec, penet}
    13 | D        | Found a transporter.
    13 | D        | Found a viscous altar of Jiyva.
    13 | D        | Found an ancient bone altar of Kikubaaqudgha.
    13 | D        | Found a hazy altar of Hepliaklqana.
    13 | D        | Found a corrupted altar of Lugonu.
    13 | D        | Found an opulent altar of Gozag.
    13 | D        | Found a burning altar of Makhleb.
    20 | D        | Found a sparkling altar of Nemelex Xobeh.
    20 | D        | Found an iron altar of Okawaru.
    20 | D        | Found a stormy altar of Qazlal.
    20 | D        | Found a sacrificial altar of Ru.
    30 | D        | Found a shimmering blue altar of Sif Muna.
    32 | D        | Found a bloodstained altar of Trog.
   117 | D        | Reached skill level 2 in Long Blades
   117 | D        | Reached XP level 2. HP: 31/31 MP: 1/5
   221 | D        | Became a worshipper of Nemelex Xobeh the Trickster
   221 | D        | Reached * piety under Nemelex Xobeh
   221 | D        | Received a gift from Nemelex Xobeh
   221 | D        | Reached ** piety under Nemelex Xobeh
   230 | D        | Entered arena 2.
   230 | D        | Found a transporter.
   234 | D        | Reached skill level 5 in Stealth
   249 | D        | Entered arena 3.
   249 | D        | Noticed a necrophage
   249 | D        | Noticed a phantom
   249 | D        | Received a gift from Nemelex Xobeh
   249 | D        | Found a transporter.
   254 | D        | Killed a necrophage
   255 | D        | Reached skill level 3 in Long Blades
   255 | D        | Reached XP level 3. HP: 36/36 MP: 5/7
   255 | D        | Reached XP level 4. HP: 43/43 MP: 6/9
   255 | D        | Killed a phantom
   256 | D        | Reached skill level 4 in Long Blades
   256 | D        | Reached XP level 5. HP: 49/49 MP: 6/11
   264 | D        | Entered arena 4.
   264 | D        | Reached *** piety under Nemelex Xobeh
   264 | D        | Received a gift from Nemelex Xobeh
   264 | D        | Found a transporter.
   268 | D        | Reached skill level 5 in Invocations
   268 | D        | Reached XP level 6. HP: 56/56 MP: 7/12
   296 | D        | Got Qosk's Opusculum on Noxious Movement
   302 | D        | Entered arena 5.
   302 | D        | Found a transporter.
   308 | D        | Reached skill level 5 in Short Blades
   308 | D        | Reached skill level 5 in Long Blades
   308 | D        | Reached skill level 5 in Axes
   308 | D        | Reached skill level 5 in Maces & Flails
   308 | D        | Reached skill level 5 in Polearms
   308 | D        | Reached skill level 5 in Staves
   308 | D        | Reached skill level 5 in Ranged Weapons
   308 | D        | Reached skill level 5 in Throwing
   308 | D        | Reached skill level 5 in Armour
   308 | D        | Reached skill level 5 in Shields
   308 | D        | Reached skill level 5 in Spellcasting
   308 | D        | Reached skill level 5 in Evocations
   319 | D        | Entered arena 6.
   319 | D        | Noticed a yak
   319 | D        | Received a gift from Nemelex Xobeh
   319 | D        | Reached **** piety under Nemelex Xobeh
   319 | D        | Found a transporter.
   325 | D        | Killed a yak
   326 | D        | Reached XP level 7. HP: 60/63 MP: 13/15
   332 | D        | Got the ring of Wuthidomu {Will+ MP+9 Int+2 Dex+9}
   339 | D        | Got Sif Muna's Grimoire of Viridian Topomancy
   341 | D        | Entered arena 7.
   341 | D        | Noticed a fire elemental
   341 | D        | Noticed a fire elemental
   341 | D        | Noticed an efreet
   341 | D        | Noticed a fire elemental
   341 | D        | Noticed an efreet
   341 | D        | Received a gift from Nemelex Xobeh
   343 | D        | an efreet changed into a demonic crawler
   343 | D        | Noticed a demonic crawler
   344 | D        | Found a transporter.
   345 | D        | Killed a fire elemental
   346 | D        | Reached skill level 6 in Long Blades
   346 | D        | Reached skill level 5 in Conjurations
   346 | D        | Reached skill level 5 in Hexes
   346 | D        | Reached skill level 5 in Summonings
   346 | D        | Reached skill level 5 in Necromancy
   346 | D        | Reached skill level 5 in Translocations
   346 | D        | Reached skill level 5 in Transmutations
   346 | D        | Reached skill level 5 in Fire Magic
   346 | D        | Reached skill level 5 in Ice Magic
   346 | D        | Reached skill level 5 in Air Magic
   346 | D        | Reached skill level 5 in Earth Magic
   346 | D        | Reached skill level 5 in Poison Magic
   347 | D        | Killed a fire elemental
   348 | D        | Reached XP level 8. HP: 60/71 MP: 15/17
   350 | D        | Killed a demonic crawler
   350 | D        | Killed an efreet
   351 | D        | Reached skill level 7 in Long Blades
   416 | D        | Entered arena 8.
   416 | D        | Noticed an elephant
   416 | D        | Received a gift from Nemelex Xobeh
   417 | D        | Found a transporter.
   424 | D        | Reached skill level 10 in Fighting
   424 | D        | Reached skill level 10 in Dodging
   424 | D        | Reached skill level 10 in Unarmed Combat
   424 | D        | Reached XP level 9. HP: 73/78 MP: 18/20
   431 | D        | Killed an elephant
   452 | D        | Entered arena 9.
   452 | D        | Found the macabre finger necklace {Finger+ rN+}
   452 | D        | Noticed an efreet
   452 | D        | Noticed a hell hog
   452 | D        | Noticed a hell hog
   452 | D        | Noticed a hell hog
   452 | D        | Reached ***** piety under Nemelex Xobeh
   452 | D        | Received a gift from Nemelex Xobeh
   454 | D        | Found a transporter.
   466 | D        | Killed a hell hog
   466 | D        | Killed a hell hog
   467 | D        | Reached skill level 8 in Long Blades
   467 | D        | Killed an efreet
   468 | D        | Reached XP level 10. HP: 30/86 MP: 20/22
   468 | D        | Killed a hell hog
   469 | D        | Reached skill level 9 in Long Blades
   469 | D        | Reached skill level 10 in Stealth
   671 | D        | Entered arena 10.
   671 | D        | Found the +3 greatsling "Punk" {acid, rCorr}
   671 | D        | Noticed a large abomination
   671 | D        | Received a gift from Nemelex Xobeh
   671 | D        | Received a gift from Nemelex Xobeh
   673 | D        | Upgraded the game from 0.30-a0-867-g305f33218d to
                  | 0.30-a0-870-gc5d4c5acee
   673 | D        | Found a transporter.
   680 | D        | Killed a large abomination
   681 | D        | Reached skill level 10 in Invocations
   719 | D        | Got Vuesch's Reference Book on Blight and Production
   750 | D        | Entered arena 11.
   750 | D        | Received a gift from Nemelex Xobeh
   753 | D        | Found a transporter.
   753 | D        | Received a gift from Nemelex Xobeh
   792 | D        | Entered arena 12.
   792 | D        | Noticed a black mamba
   792 | D        | Noticed an elephant
   792 | D        | Noticed a spriggan air mage
   792 | D        | Noticed a spriggan air mage
   792 | D        | Noticed a cane toad
   792 | D        | Noticed an elephant
   793 | D        | Noticed a boulder beetle
   794 | D        | Noticed a spriggan air mage
   797 | D        | Killed a black mamba
   800 | D        | Killed a spriggan air mage
   800 | D        | Killed a spriggan air mage
   801 | D        | Killed a cane toad
   802 | D        | Reached skill level 10 in Short Blades
   802 | D        | Reached skill level 10 in Long Blades
   802 | D        | Reached skill level 10 in Axes
   802 | D        | Reached skill level 10 in Maces & Flails
   802 | D        | Reached skill level 10 in Polearms
   802 | D        | Reached skill level 10 in Staves
   802 | D        | Reached skill level 10 in Ranged Weapons
   802 | D        | Reached skill level 10 in Throwing
   802 | D        | Reached skill level 10 in Armour
   802 | D        | Reached skill level 10 in Shields
   802 | D        | Reached skill level 10 in Spellcasting
   802 | D        | Reached skill level 10 in Evocations
   802 | D        | Reached XP level 11. HP: 67/95 MP: 23/25
   803 | D        | Killed a spriggan air mage
   807 | D        | Found the +8 autumn katana {manifold assault}
   808 | D        | Found a transporter.
   810 | D        | Killed a boulder beetle
   899 | D        | Got the ring "Ryklatrutz" {rC+ rCorr Int+6}
   920 | D        | Entered arena 13.
   920 | D        | Noticed a hell hog
   920 | D        | Noticed a fire giant
   920 | D        | Noticed a fire giant
   920 | D        | Noticed a fire dragon
   920 | D        | Received a gift from Nemelex Xobeh
   921 | D        | Noticed a hell hog
   921 | D        | Noticed a hell hog
   922 | D        | Noticed a fire dragon
   924 | D        | Found a transporter.
   926 | D        | Killed a hell hog
   928 | D        | Killed a hell hog
   929 | D        | Killed a fire giant
   930 | D        | Reached skill level 11 in Long Blades
   932 | D        | Killed a hell hog
   933 | D        | Killed a fire dragon
   937 | D        | Killed a fire dragon
   940 | D        | Killed a fire giant
   941 | D        | Reached XP level 12. HP: 37/105 MP: 27/27
  1211 | D        | Reached ****** piety under Nemelex Xobeh
  1211 | D        | Received a gift from Nemelex Xobeh
  1217 | D        | Got the ring "Tuysave" {*Corrode rPois rF+ Int+6 SInv}
  1220 | D        | Got the ring of Law {Ice rPois Str+3 Int-5 Dex+2}
  1265 | D        | Entered arena 14.
  1265 | D        | Received a gift from Nemelex Xobeh
  1266 | D        | Noticed a nagaraja
  1266 | D        | Noticed an anaconda
  1267 | D        | Noticed a naga warrior
  1268 | D        | Identified the +6 shortbow of Gaonwafu {drain, Will+}
  1270 | D        | Killed an anaconda
  1272 | D        | Reached skill level 10 in Conjurations
  1272 | D        | Reached skill level 10 in Hexes
  1272 | D        | Reached skill level 10 in Summonings
  1272 | D        | Reached skill level 10 in Necromancy
  1272 | D        | Reached skill level 10 in Translocations
  1272 | D        | Reached skill level 10 in Transmutations
  1272 | D        | Reached skill level 10 in Fire Magic
  1272 | D        | Reached skill level 10 in Ice Magic
  1272 | D        | Reached skill level 10 in Air Magic
  1272 | D        | Reached skill level 10 in Earth Magic
  1272 | D        | Reached skill level 10 in Poison Magic
  1277 | D        | Killed a nagaraja
  1280 | D        | Reached skill level 12 in Long Blades
  1280 | D        | Killed a naga warrior
  1452 | D        | Received a gift from Nemelex Xobeh
  1453 | D        | Found a transporter.
  1478 | D        | Got Ymoex's Grimoire of Nauseating Abhorrent Secrets
  1486 | D        | Got the Almanac of Beguiling
  1492 | D        | Entered arena 15.
  1492 | D        | Received a gift from Nemelex Xobeh
  1493 | D        | Noticed a soul eater
  1493 | D        | Noticed a shadow dragon
  1494 | D        | Noticed a soul eater
  1494 | D        | Noticed a soul eater
  1500 | D        | Found a transporter.
  1500 | D        | Received a gift from Nemelex Xobeh
  1504 | D        | Killed a soul eater
  1507 | D        | Killed a soul eater
  1509 | D        | Killed a soul eater
  1516 | D        | Killed a shadow dragon
  1605 | D        | Got the Tome of the Helpful Excursion
  1646 | D        | Entered arena 16.
  1646 | D        | Received a gift from Nemelex Xobeh
  1647 | D        | Noticed an ice dragon
  1647 | D        | Noticed an ice dragon
  1647 | D        | Noticed a blizzard demon
  1648 | D        | Received a gift from Nemelex Xobeh
  1648 | D        | Noticed an ice dragon
  1651 | D        | Killed an ice dragon
  1651 | D        | Killed an ice dragon
  1651 | D        | Killed an ice dragon
  1652 | D        | Found a transporter.
  1659 | D        | HP: 3/108 [blizzard demon/bolt of lightning (33)]
  1661 | D        | Killed a blizzard demon
  1662 | D        | Reached skill level 13 in Long Blades
  1662 | D        | Reached XP level 13. HP: 4/114 MP: 23/30
  1982 | D        | Entered arena 17.
  1982 | D        | Received a gift from Nemelex Xobeh
  1984 | D        | Received a gift from Nemelex Xobeh
  1985 | D        | Noticed a red draconian
  1985 | D        | Noticed a green draconian
  1985 | D        | Noticed a yellow draconian
  1985 | D        | Noticed a red draconian
  1985 | D        | Noticed a yellow draconian
  1985 | D        | Noticed a white draconian
  1985 | D        | Noticed a tentacled monstrosity
  1985 | D        | Found the amulet of Vitality {RegenMP++ Regen++}
  1985 | D        | Noticed a black draconian
  1985 | D        | Noticed an Orb Guardian
  1986 | D        | Noticed a purple draconian
  1986 | D        | Noticed a green draconian
  1986 | D        | Noticed a yellow draconian
  1986 | D        | Noticed a green draconian
  1986 | D        | Noticed a red draconian
  1986 | D        | Noticed a yellow draconian
  1987 | D        | Identified the +2 long sword "Sugam" {chaos, Fly rCorr
                  | Str-5 Int-2}
  1989 | D        | Found a transporter.
  1991 | D        | Killed a green draconian
  1991 | D        | Killed a red draconian
  1991 | D        | Killed a black draconian
  1991 | D        | Killed a yellow draconian
  1991 | D        | Killed a green draconian
  1992 | D        | Killed a yellow draconian
  1992 | D        | Killed a white draconian
  1993 | D        | Reached skill level 14 in Long Blades
  1993 | D        | Killed an Orb Guardian
  1993 | D        | Killed a red draconian
  1994 | D        | Reached skill level 15 in Fighting
  1994 | D        | Reached skill level 15 in Dodging
  1994 | D        | Reached skill level 15 in Unarmed Combat
  1994 | D        | Killed a green draconian
  1995 | D        | Reached skill level 15 in Invocations
  1995 | D        | Killed a red draconian
  1995 | D        | Killed a yellow draconian
  1995 | D        | Killed a tentacled monstrosity
  1996 | D        | Reached skill level 15 in Long Blades
  1997 | D        | Killed a yellow draconian
  2000 | D        | Killed a purple draconian
  2186 | D        | Got the ring "Saul" {Str+6 Stlth+}
  2204 | D        | Entered arena 18.
  2204 | D        | Received a gift from Nemelex Xobeh
  2204 | D        | Received a gift from Nemelex Xobeh
  2207 | D        | Noticed a vault guard
  2207 | D        | Noticed a vault guard
  2207 | D        | Noticed a vault guard
  2207 | D        | Noticed a vault guard
  2207 | D        | Noticed a vault guard
  2207 | D        | Noticed a stone giant
  2207 | D        | Noticed a vault guard
  2207 | D        | Noticed a stone giant
  2207 | D        | Noticed a stone giant
  2208 | D        | Identified the amulet of Iwarof {Acrobat +Inv Will+ rCorr
                  | Stlth-}
  2208 | D        | Noticed a yaktaur captain
  2208 | D        | Noticed a vault guard
  2208 | D        | Noticed a vault guard
  2208 | D        | Noticed a vault guard
  2208 | D        | Noticed a lich
  2210 | D        | Found a transporter.
  2211 | D        | Killed a vault guard
  2212 | D        | Killed a vault guard
  2214 | D        | Killed a stone giant
  2214 | D        | Killed a vault guard
  2214 | D        | Killed a vault guard
  2214 | D        | Killed a vault guard
  2215 | D        | Reached skill level 16 in Long Blades
  2215 | D        | Reached skill level 15 in Stealth
  2215 | D        | Reached XP level 14. HP: 122/124 MP: 28/32
  2216 | D        | Killed a stone giant
  2216 | D        | Killed a lich
  2216 | D        | Killed a stone giant
  2217 | D        | Reached skill level 15 in Short Blades
  2217 | D        | Reached skill level 15 in Axes
  2217 | D        | Reached skill level 15 in Maces & Flails
  2217 | D        | Reached skill level 15 in Polearms
  2217 | D        | Reached skill level 15 in Staves
  2217 | D        | Reached skill level 15 in Ranged Weapons
  2217 | D        | Reached skill level 15 in Throwing
  2217 | D        | Reached skill level 15 in Armour
  2217 | D        | Reached skill level 15 in Shields
  2217 | D        | Reached skill level 15 in Spellcasting
  2217 | D        | Reached skill level 15 in Evocations
  2235 | D        | Got the +0 pair of boots "Zerghowki" {rC- Str+5}
  2266 | D        | Got the Catalogue of Bad Luck and Accelerants
  2272 | D        | Entered arena 19.
  2272 | D        | Received a gift from Nemelex Xobeh
  2272 | D        | Received a gift from Nemelex Xobeh
  2276 | D        | Received a gift from Nemelex Xobeh
  2278 | D        | Found a transporter.
  2279 | D        | Reached skill level 17 in Long Blades
  2409 | D        | Received a gift from Nemelex Xobeh
  2416 | D        | Got Ehitoewoi's Volume of the Singed Flock
  2446 | D        | Entered arena 20.
  2446 | D        | Received a gift from Nemelex Xobeh
  2450 | D        | Received a gift from Nemelex Xobeh
  2451 | D        | Noticed a vampire knight
  2451 | D        | Noticed a lich
  2452 | D        | Received a gift from Nemelex Xobeh
  2452 | D        | Identified the +3 sling of Foolhardiness {flame, rElec
                  | rPois Str-2 Int-5}
  2454 | D        | Found a transporter.
  2460 | D        | Killed a vampire knight
  2461 | D        | Reached skill level 18 in Long Blades
  2462 | D        | Killed a lich
  2466 | D        | Received a gift from Nemelex Xobeh
  2621 | D        | Got Wotratuq's Reference Book on Elsewhere and Formation
  2643 | D        | Entered arena 21.
  2643 | D        | Received a gift from Nemelex Xobeh
  2644 | D        | Received a gift from Nemelex Xobeh
  2647 | D        | Noticed a tentacled monstrosity
  2647 | D        | Noticed a yellow draconian
  2647 | D        | Noticed an Orb Guardian
  2647 | D        | Noticed a shadow dragon
  2647 | D        | Noticed a white draconian
  2647 | D        | Noticed a black draconian
  2647 | D        | Noticed an Orb Guardian
  2648 | D        | Received a gift from Nemelex Xobeh
  2648 | D        | Noticed a red draconian
  2648 | D        | Noticed a purple draconian
  2648 | D        | Noticed a black draconian
  2648 | D        | Noticed a white draconian
  2648 | D        | Noticed a yellow draconian
  2648 | D        | Noticed a purple draconian shifter
  2648 | D        | Noticed a purple draconian shifter
  2648 | D        | Noticed a curse toe
  2648 | D        | Noticed a red draconian
  2648 | D        | Noticed a white draconian
  2649 | D        | Noticed an Orb Guardian
  2650 | D        | Noticed an Orb Guardian
  2650 | D        | Noticed an Orb Guardian
  2650 | D        | Killed a ghost moth
  2651 | D        | Killed a ghost moth
  2652 | D        | Killed an Orb Guardian
  2652 | D        | Killed a white draconian
  2653 | D        | Killed a red draconian
  2653 | D        | Killed a yellow draconian
  2654 | D        | Killed a white draconian
  2654 | D        | Killed an Orb Guardian
  2654 | D        | Killed a yellow draconian
  2655 | D        | Reached skill level 19 in Long Blades
  2655 | D        | Reached XP level 15. HP: 14/134 MP: 18/35
  2655 | D        | Demolished by an Orb Guardian

Illustrated notes

Levels and vault maps discovered:
D:        sprint_v [room_start, room_1, room_2, room_3, room_4, room_5, room_6,
          room_7, room_8, room_9, room_10, room_11, room_12, room_13, room_14,
          room_15, room_16, room_17, room_18, room_19, room_20, room_21,
          room_22, room_23, room_24, room_25, room_26, room_27]

Skill      XL: |  1  2  3  4  5  6  7  8  9 10 11 12 13 14 |
---------------+-------------------------------------------+-----
Fighting       | 7 8 9 10 11 13 14 15 17 | 17.4
Short Blades   | 2 3 4 5 6 7 8 10 11 13 14 16 | 16.3
Long Blades    | 2 3 4 5 6 7 8 10 11 13 16 19 | 19.0
Axes           | 2 3 4 5 6 7 8 10 11 13 14 16 | 16.3
Maces & Flails | 2 3 4 5 6 7 8 10 11 13 14 16 | 16.3
Polearms       | 2 3 4 5 6 7 8 10 11 13 14 16 | 16.3
Staves         | 2 3 4 5 6 7 8 10 11 13 14 16 | 16.3
Ranged Weapons | 2 3 4 5 6 7 8 10 11 13 14 16 | 16.3
Throwing       | 2 3 4 5 6 7 8 10 11 13 14 16 | 16.3
Armour         | 2 3 4 5 6 7 8 10 11 13 14 16 | 16.3
Dodging        | 7 8 9 10 11 13 14 15 17 | 17.4
Shields        | 2 3 4 5 6 7 8 10 11 13 14 16 | 16.3
Unarmed Combat | 7 8 9 10 11 13 14 15 17 | 17.4
Spellcasting   | 2 3 4 5 6 7 8 10 11 13 14 16 | 16.3
Conjurations   | 2 3 4 5 6 7 8 9 11 12 13 | 13.9
Hexes          | 2 3 4 5 6 7 8 9 11 12 13 | 13.9
Summonings     | 2 3 4 5 6 7 8 9 11 12 13 | 13.9
Necromancy     | 2 3 4 5 6 7 8 9 11 12 13 | 13.9
Translocations | 2 3 4 5 6 7 8 9 11 12 13 | 13.9
Transmutations | 2 3 4 5 6 7 8 9 11 12 13 | 13.9
Fire Magic     | 2 3 4 5 6 7 8 9 11 12 13 | 13.9
Ice Magic      | 2 3 4 5 6 7 8 9 11 12 13 | 13.9
Air Magic      | 2 3 4 5 6 7 8 9 11 12 13 | 13.9
Earth Magic    | 2 3 4 5 6 7 8 9 11 12 13 | 13.9
Poison Magic   | 2 3 4 5 6 7 8 9 11 12 13 | 13.9
Invocations    | 2 3 4 5 6 7 8 9 10 12 14 15 17 | 17.7
Evocations     | 2 3 4 5 6 7 8 10 11 13 14 16 | 16.3
Stealth        | 5 6 7 8 9 10 12 13 15 16 | 16.8

Action                     |  1- 3 |  4- 6 |  7- 9 | 10-12 | 13-15 || total
---------------------------+-------+-------+-------+-------+-------++-------
  Melee: Double sword      |     5 |    10 |    19 |    76 |    35 ||   145
         Bite              |       |     1 |     4 |     6 |     6 ||    17
 Invoke: Draw Summoning    |     2 |     1 |     1 |     9 |       ||    13
         Draw Destruction  |       |     2 |     6 |     8 |     4 ||    20
         Draw Escape       |       |       |     1 |       |       ||     1
         Deal Four         |       |       |       |     1 |     4 ||     5
  Evoke: Tin of tremorston |       |       |     2 |     1 |     2 ||     5
         Wand              |       |       |     1 |       |     1 ||     2
         Condenser vane    |       |       |     1 |       |     2 ||     3
    Use: Potion            |     1 |       |     5 |     2 |     1 ||     9
         Scroll            |       |       |     4 |       |     3 ||     7
   Stab: Distracted        |       |       |       |     1 |       ||     1
 Armour: Gold dragon scale |     3 |    10 |    22 |    47 |    30 ||   112
  Dodge: Dodged            |     1 |       |     6 |    10 |     7 ||    24
  Block: Kite shield       |    11 |    20 |    60 |   124 |    73 ||   288

Table legend: (Time is in decaauts)
 A = Elapsed time spent in this place.
 B = Non-inter-level travel time spent in this place.
 C = Inter-level travel time spent in this place.
 D = Time resting spent in this place.
 E = Time spent auto-exploring this place.
 F = Levels seen in this place.
 G = Mean time per level.
                   A        B        C        D        E       F      G
               +--------+--------+--------+--------+--------+-----+--------+
         Total |   2673 |   2673 |      0 |   1533 |      0 |   1 | 2673.0 |
       Dungeon |   2673 |   2673 |      0 |   1533 |      0 |   1 | 2673.0 |
               +--------+--------+--------+--------+--------+-----+--------+

Top non-repeatable levels by time:
       D: 2673 daAuts
